TOP OF THE 1ST |
Cedar Rapids Kernels batting - Pitching for West Michigan Whitecaps : RHP Dale Gilbert
|
Pitching: RHP Dale Gilbert
|
|
Batting: LHB Israel Montoya
|
0-0: Ball 1-0: Swinging Strike 1-1: Ball 2-1: Ball 3-1: Foul Ball, location: 2F 3-2: Strikes out swinging
|
Batting: RHB Sean Gould
|
0-0: Called Strike 0-1: Called Strike 0-2: Ball 1-2: Foul Ball, location: 2F 1-2: Ground out 5-3 (Groundball, 5, EV 92.5 MPH)
|
Batting: SHB Dan Morataya
|
0-0: Ground out 4-3 (Groundball, 4S, EV 81.2 MPH)
|
Top of the 1st over - 0 runs, 0 hits, 0 errors, 0 left on base; Cedar Rapids 0 - West Michigan 0 |
BOTTOM OF THE 1ST |
West Michigan Whitecaps batting - Pitching for Cedar Rapids Kernels : LHP Willie Jimenez
|
Pitching: LHP Willie Jimenez
|
|
Batting: RHB Jon Goldstein
|
0-0: Called Strike 0-1: Foul Ball, location: 2F 0-2: Ball 1-2: SINGLE (Groundball, 5S, EV 64.4 MPH) (infield hit)
|
Batting: RHB Brandon O'Malley
|
0-0: Called Strike 0-1: Ball 1-1: Swinging Strike 1-2: SINGLE (Flyball, 89M, EV 90.6 MPH) Jon Goldstein to second Runner from 2nd tries for 3rd, SAFE, throw by RF made to third
|
Batting: RHB Dave Calder
|
0-0: Ball 1-0: Foul Ball, location: 2F 1-1: Ball 2-1: Fielders Choice at 2nd, 6-4 (Groundball, 6, EV 101.9 MPH) Jon Goldstein scores
|
Batting: LHB George Moran
|
0-0: Called Strike 0-1: Ball 1-1: 2-RUN HOME RUN (Flyball, 89XD, EV 106.9 MPH), Distance : 424 ft
|
Batting: RHB Jamie Villagrana
|
0-0: Foul Ball, location: 2F 0-1: Foul Ball, location: 2F 0-2: Fly out, F9 (Flyball, 9D, EV 101.9 MPH)
|
Batting: SHB Chris Wagler
|
0-0: SINGLE (Flyball, 34D, EV 89.4 MPH)
|
Batting: RHB Tony Nunez
|
0-0: Ball 1-0: Ball 2-0: Ball 3-0: Base on Balls Chris Wagler to second
|
Batting: SHB Willie Medina
|
0-0: Ball 1-0: SINGLE (Groundball, 6MS, EV 61.2 MPH) (infield hit) Chris Wagler to third Tony Nunez to second
|
Batting: RHB Khalil Coleman
|
0-0: Called Strike 0-1: Swinging Strike 0-2: Ball 1-2: Strikes out looking
|
Bottom of the 1st over - 3 runs, 5 hits, 0 errors, 3 left on base; Cedar Rapids 0 - West Michigan 3 |
TOP OF THE 2ND |
Cedar Rapids Kernels batting - Pitching for West Michigan Whitecaps : RHP Dale Gilbert
|
Batting: LHB David Campbell
|
0-0: Ground out 3-1 (Groundball, 34, EV 89.4 MPH)
|
Batting: RHB Michael McDonald
|
0-0: Foul Ball, location: 2F 0-1: Foul Ball, location: 2F 0-2: Foul Ball, location: 2F 0-2: Hit by Pitch
|
Batting: RHB David Nardone
|
0-0: Called Strike 0-1: Ball 1-1: Foul Ball, location: 2F 1-2: Strikes out swinging
|
Batting: RHB Antonio Santos
|
0-0: Ball 1-0: Ground out 4-3 (Groundball, 4, EV 100.6 MPH)
|
Top of the 2nd over - 0 runs, 0 hits, 0 errors, 1 left on base; Cedar Rapids 0 - West Michigan 3 |
BOTTOM OF THE 2ND |
West Michigan Whitecaps batting - Pitching for Cedar Rapids Kernels : LHP Willie Jimenez
|
Batting: RHB Jon Goldstein
|
0-0: Ball 1-0: Foul Ball, location: 2F 1-1: Swinging Strike 1-2: Foul Ball, location: 2F 1-2: Ball 2-2: Ball 3-2: Base on Balls
|
Batting: RHB Brandon O'Malley
|
0-0: Swinging Strike 0-1: Swinging Strike 0-2: Ball 1-2: Ball 2-2: Strikes out swinging
|
Batting: RHB Dave Calder
|
0-0: Ball 1-0: Foul Ball, location: 2F 1-1: Swinging Strike 1-2: Strikes out swinging
|
Batting: LHB George Moran
|
0-0: Called Strike Jon Goldstein steals 2nd base 0-1: Called Strike 0-2: Ball 1-2: Ground out 4-3 (Groundball, 4, EV 104.4 MPH)
|
Bottom of the 2nd over - 0 runs, 0 hits, 0 errors, 1 left on base; Cedar Rapids 0 - West Michigan 3 |
TOP OF THE 3RD |
Cedar Rapids Kernels batting - Pitching for West Michigan Whitecaps : RHP Dale Gilbert
|
Batting: RHB Willie Jimenez
|
0-0: Ball 1-0: Called Strike 1-1: Swinging Strike 1-2: Ball 2-2: Ball 3-2: Strikes out looking
|
Batting: RHB Dave Berry
|
0-0: Ball 1-0: Foul Ball, location: 2F 1-1: Ball 2-1: Ball 3-1: Ground out 4-3 (Groundball, 4, EV 85.6 MPH)
|
Batting: LHB Israel Montoya
|
0-0: Ball 1-0: Called Strike 1-1: Ball 2-1: Swinging Strike 2-2: Ball 3-2: Foul Ball, location: 2F 3-2: Foul Ball, location: 2F 3-2: Ground out 6-3 (Groundball, 6, EV 101.2 MPH)
|
Top of the 3rd over - 0 runs, 0 hits, 0 errors, 0 left on base; Cedar Rapids 0 - West Michigan 3 |
BOTTOM OF THE 3RD |
West Michigan Whitecaps batting - Pitching for Cedar Rapids Kernels : LHP Willie Jimenez
|
Batting: RHB Jamie Villagrana
|
0-0: Ball 1-0: Ground out 4-3 (Groundball, 4, EV 98.8 MPH)
|
Batting: SHB Chris Wagler
|
0-0: Ball 1-0: Ball 2-0: Swinging Strike 2-1: SINGLE (Flyball, 89S, EV 94.4 MPH)
|
Batting: RHB Tony Nunez
|
0-0: Called Strike 0-1: Ball 1-1: Swinging Strike 1-2: Foul Ball, location: 2F 1-2: Strikes out swinging
|
Batting: SHB Willie Medina
|
0-0: TRIPLE (Flyball, 7LD, EV 106.2 MPH) Chris Wagler scores
|
Batting: RHB Khalil Coleman
|
0-0: Ball 1-0: Ball 2-0: Ball 3-0: Base on Balls
|
Batting: RHB Jon Goldstein
|
0-0: Ball 1-0: Foul Ball, location: 2F 1-1: Called Strike 1-2: Strikes out swinging
|
Bottom of the 3rd over - 1 run, 2 hits, 0 errors, 2 left on base; Cedar Rapids 0 - West Michigan 4 |
TOP OF THE 4TH |
Cedar Rapids Kernels batting - Pitching for West Michigan Whitecaps : RHP Dale Gilbert
|
Batting: RHB Sean Gould
|
0-0: Foul Ball, location: 2F 0-1: Ball 1-1: Foul Ball, location: 2F 1-2: Ball 2-2: Foul Ball, location: 2F 2-2: Foul Ball, location: 2F 2-2: Foul Ball, location: 2F 2-2: Ball 3-2: SINGLE (Flyball, 5D, EV 90.0 MPH)
|
Batting: SHB Dan Morataya
|
0-0: Swinging Strike 0-1: Called Strike 0-2: Ball Wild Pitch! Sean Gould to second 1-2: Ball 2-2: Fly out, F9 (Line Drive, 9S, EV 88.1 MPH)
|
Batting: LHB David Campbell
|
0-0: Foul Ball, location: 2F 0-1: Foul Ball, location: 2F 0-2: Ground out 4-3 (Groundball, 34, EV 78.1 MPH) Sean Gould to third
|
Batting: RHB Michael McDonald
|
0-0: Ball 1-0: Ball 2-0: Ball 3-0: Base on Balls
|
Batting: RHB David Nardone
|
0-0: Ball 1-0: Called Strike 1-1: Foul Ball, location: 2F 1-2: Strikes out swinging
|
Top of the 4th over - 0 runs, 1 hit, 0 errors, 2 left on base; Cedar Rapids 0 - West Michigan 4 |
BOTTOM OF THE 4TH |
West Michigan Whitecaps batting - Pitching for Cedar Rapids Kernels : LHP Willie Jimenez
|
Batting: RHB Brandon O'Malley
|
0-0: Ground out 6-3 (Groundball, 6MS, EV 76.9 MPH)
|
Batting: RHB Dave Calder
|
0-0: Foul Ball, location: 2F 0-1: Ball 1-1: Ball 2-1: Foul Ball, location: 2F 2-2: Ball 3-2: Fly out, F7 (Flyball, 7, EV 96.9 MPH)
|
Batting: LHB George Moran
|
0-0: Ball 1-0: Called Strike 1-1: Ball 2-1: Foul Ball, location: 2F 2-2: Foul Ball, location: 2F 2-2: Ball 3-2: Strikes out swinging
|
Bottom of the 4th over - 0 runs, 0 hits, 0 errors, 0 left on base; Cedar Rapids 0 - West Michigan 4 |
TOP OF THE 5TH |
Cedar Rapids Kernels batting - Pitching for West Michigan Whitecaps : RHP Dale Gilbert
|
Batting: RHB Antonio Santos
|
0-0: Ball 1-0: Ball 2-0: Foul Ball, location: 2F 2-1: Ball 3-1: Ground out U3 (Groundball, 34S, EV 85.6 MPH)
|
Batting: RHB Willie Jimenez
|
0-0: Ball 1-0: Called Strike 1-1: Ground out 4-3 (Groundball, 4M, EV 101.2 MPH)
|
Batting: RHB Dave Berry
|
0-0: Ball 1-0: Called Strike 1-1: Foul Ball, location: 2F 1-2: Ball 2-2: Ball 3-2: Base on Balls
|
Batting: LHB Israel Montoya
|
0-0: Ball 1-0: Ball 2-0: Foul Ball, location: 2F 2-1: Foul Ball, location: 2F 2-2: Foul Ball, location: 2F 2-2: Foul Ball, location: 2F 2-2: Fly out, F8 (Flyball, 89XD, EV 88.1 MPH)
|
Top of the 5th over - 0 runs, 0 hits, 0 errors, 1 left on base; Cedar Rapids 0 - West Michigan 4 |
BOTTOM OF THE 5TH |
West Michigan Whitecaps batting - Pitching for Cedar Rapids Kernels : LHP Willie Jimenez
|
Pitching: RHP Larry Muttart
|
|
Batting: RHB Jamie Villagrana
|
0-0: Ball 1-0: Swinging Strike 1-1: Ball 2-1: Foul Ball, location: 2F 2-2: Foul Ball, location: 2F 2-2: Foul Ball, location: 2F 2-2: Strikes out looking
|
Batting: SHB Chris Wagler
|
0-0: Ball 1-0: Ball 2-0: Ball 3-0: Called Strike 3-1: Foul Ball, location: 2F 3-2: Foul Ball, location: 2F 3-2: Base on Balls
|
Batting: RHB Tony Nunez
|
0-0: Ball 1-0: Ball 2-0: Called Strike 2-1: Foul Ball, location: 2F 2-2: Ball 3-2: Fly out, F7 (Flyball, 7LS, EV 87.5 MPH)
|
Batting: SHB Willie Medina
|
0-0: Ball 1-0: Ground out 4-3 (Groundball, 4, EV 111.2 MPH)
|
Bottom of the 5th over - 0 runs, 0 hits, 0 errors, 1 left on base; Cedar Rapids 0 - West Michigan 4 |
TOP OF THE 6TH |
Cedar Rapids Kernels batting - Pitching for West Michigan Whitecaps : RHP Dale Gilbert
|
Batting: RHB Sean Gould
|
0-0: Called Strike 0-1: Called Strike 0-2: Foul Ball, location: 2F 0-2: Ball 1-2: Ball 2-2: Ground out 4-3 (Groundball, 4, EV 85.0 MPH)
|
Pitching: LHP Jesse Turner
|
|
Batting: SHB Dan Morataya
|
0-0: Ball 1-0: Swinging Strike 1-1: SINGLE (Line Drive, 9LS, EV 96.2 MPH)
|
Batting: LHB David Campbell
|
0-0: Ball 1-0: Ball 2-0: Called Strike 2-1: Called Strike 2-2: Ball 3-2: Strikes out swinging Dan Morataya is caught stealing 2nd base 2-6 Batter strikes out.
|
Top of the 6th over - 0 runs, 1 hit, 0 errors, 0 left on base; Cedar Rapids 0 - West Michigan 4 |
BOTTOM OF THE 6TH |
West Michigan Whitecaps batting - Pitching for Cedar Rapids Kernels : RHP Larry Muttart
|
Batting: RHB Khalil Coleman
|
0-0: Ball 1-0: Foul Ball, location: 2F 1-1: Foul Ball, location: 2F 1-2: Ball 2-2: Fly out, F7 (Flyball, 7S, EV 83.1 MPH)
|
Batting: RHB Jon Goldstein
|
0-0: Called Strike 0-1: Ground out 5-3 (Groundball, 56, EV 81.9 MPH)
|
Batting: RHB Brandon O'Malley
|
0-0: Foul Ball, location: 2F 0-1: Ball 1-1: Foul Ball, location: 2F 1-2: SINGLE (Groundball, 34D, EV 105.6 MPH)
|
Batting: RHB Dave Calder
|
0-0: Called Strike 0-1: Ball 1-1: Ball 2-1: Called Strike 2-2: Ball 3-2: Foul Ball, location: 2F 3-2: DOUBLE (Line Drive, 8LXD, EV 108.1 MPH) Brandon O'Malley to third Brandon O'Malley scores
|
Batting: LHB George Moran
|
0-0: Foul Ball, location: 2F 0-1: Swinging Strike 0-2: Ground out 4-3 (Groundball, 4, EV 86.2 MPH)
|
Bottom of the 6th over - 1 run, 2 hits, 0 errors, 1 left on base; Cedar Rapids 0 - West Michigan 5 |
TOP OF THE 7TH |
Cedar Rapids Kernels batting - Pitching for West Michigan Whitecaps : LHP Jesse Turner
|
Batting: RHB Michael McDonald
|
0-0: Foul Ball, location: 2F 0-1: Ground out 4-3 (Groundball, 34, EV 100.6 MPH)
|
Batting: RHB David Nardone
|
0-0: Ball 1-0: Swinging Strike 1-1: Ground out 5-3 (Groundball, 5L, EV 81.9 MPH)
|
Batting: RHB Antonio Santos
|
0-0: Ball 1-0: Ball 2-0: Ball 3-0: Called Strike 3-1: Foul Ball, location: 2F 3-2: Base on Balls
|
Batting: RHB Willie Jimenez
|
0-0: Called Strike 0-1: Called Strike 0-2: Ball 1-2: Foul Ball, location: 2F 1-2: Strikes out swinging
|
Top of the 7th over - 0 runs, 0 hits, 0 errors, 1 left on base; Cedar Rapids 0 - West Michigan 5 |
BOTTOM OF THE 7TH |
West Michigan Whitecaps batting - Pitching for Cedar Rapids Kernels : RHP Larry Muttart
|
Batting: RHB Jamie Villagrana
|
0-0: Called Strike 0-1: SOLO HOME RUN (Flyball, 7D, EV 98.1 MPH), Distance : 362 ft
|
Batting: SHB Chris Wagler
|
0-0: SINGLE (Line Drive, 56D, EV 100.6 MPH)
|
Batting: RHB Tony Nunez
|
0-0: Ball Chris Wagler steals 2nd base 1-0: Called Strike 1-1: Foul Ball, location: 2F 1-2: Ball 2-2: Ball 3-2: Base on Balls
|
Pitching: RHP Scot Abbott
|
|
Batting: SHB Willie Medina
|
0-0: Ball 1-0: DOUBLE (Flyball, 78XD, EV 90.0 MPH) Chris Wagler scores Tony Nunez to third
|
Batting: RHB Khalil Coleman
|
0-0: Called Strike 0-1: Called Strike 0-2: Foul Ball, location: 2F 0-2: Ball 1-2: Strikes out swinging
|
Batting: RHB Jon Goldstein
|
0-0: Ball 1-0: Called Strike 1-1: Called Strike 1-2: Foul Ball, location: 2F 1-2: Foul Ball, location: 2F 1-2: Ball 2-2: Ball 3-2: SINGLE (Groundball, 56S, EV 70.6 MPH) (infield hit) Tony Nunez scores Willie Medina to third
|
Pinch Hitting: LHB Brad Gaskill
|
0-0: Ball 1-0: Called Strike 1-1: Ball 2-1: Called Strike 2-2: Strikes out swinging
|
Batting: RHB Dave Calder
|
0-0: Ball 1-0: Called Strike 1-1: Ball 2-1: Foul Ball, location: 2F 2-2: Foul Ball, location: 2F 2-2: Ball Passed Ball! Willie Medina scores Jon Goldstein to second 3-2: Base on Balls
|
Batting: LHB George Moran
|
0-0: Called Strike 0-1: Ball 1-1: Foul Ball, location: 2F 1-2: Strikes out swinging
|
Bottom of the 7th over - 4 runs, 4 hits, 0 errors, 2 left on base; Cedar Rapids 0 - West Michigan 9 |
TOP OF THE 8TH |
Cedar Rapids Kernels batting - Pitching for West Michigan Whitecaps : LHP Jesse Turner
|
Now at 1B: Brad Gaskill
|
|
Batting: RHB Dave Berry
|
0-0: Ball 1-0: Ball 2-0: Ball 3-0: Base on Balls
|
Pitching: RHP Matt Sturge
|
|
Pinch Hitting: RHB Tony Crespo
|
0-0: Called Strike 0-1: Foul Ball, location: 2F 0-2: Ball Wild Pitch! Dave Berry to second 1-2: Strikes out swinging
|
Batting: RHB Sean Gould
|
0-0: Swinging Strike 0-1: Foul Ball, location: 2F 0-2: Strikes out swinging
|
Pinch Hitting: LHB Chris Munguia
|
0-0: SINGLE (Line Drive, 89S, EV 95.0 MPH) Dave Berry to third
|
Batting: LHB David Campbell
|
0-0: Swinging Strike 0-1: Ball 1-1: Swinging Strike 1-2: Strikes out swinging
|
Top of the 8th over - 0 runs, 1 hit, 0 errors, 2 left on base; Cedar Rapids 0 - West Michigan 9 |
BOTTOM OF THE 8TH |
West Michigan Whitecaps batting - Pitching for Cedar Rapids Kernels : RHP Scot Abbott
|
Now in LF: David Nardone
|
|
Now in CF: Tony Crespo
|
|
Now in RF: Chris Munguia
|
|
Batting: RHB Jamie Villagrana
|
0-0: Ball 1-0: Swinging Strike 1-1: Ball 2-1: DOUBLE (Line Drive, 9LD, EV 105.0 MPH)
|
Batting: SHB Chris Wagler
|
0-0: Called Strike 0-1: Foul Ball, location: 2F 0-2: Strikes out swinging
|
Pitching: RHP Bruce Wight
|
|
Batting: RHB Tony Nunez
|
0-0: Called Strike 0-1: Ball 1-1: Foul Ball, location: 2F 1-2: Ball 2-2: Strikes out swinging
|
Batting: SHB Willie Medina
|
0-0: Swinging Strike 0-1: Foul Ball, location: 2F 0-2: Strikes out swinging
|
Bottom of the 8th over - 0 runs, 1 hit, 0 errors, 1 left on base; Cedar Rapids 0 - West Michigan 9 |
TOP OF THE 9TH |
Cedar Rapids Kernels batting - Pitching for West Michigan Whitecaps : RHP Matt Sturge
|
Pinch Hitting: RHB Graham Calvert
|
0-0: Ball 1-0: Foul Ball, location: 2F 1-1: Called Strike 1-2: Strikes out swinging
|
Batting: RHB David Nardone
|
0-0: Ball 1-0: Ball 2-0: Ball 3-0: Base on Balls
|
Batting: RHB Antonio Santos
|
0-0: Ball 1-0: Foul Ball, location: 2F 1-1: Fly out, F7 (Line Drive, 7LD, EV 91.9 MPH)
|
Batting: RHB Willie Jimenez
|
0-0: Ball 1-0: Swinging Strike 1-1: Fly out, F4 (Line Drive, 4MD, EV 65.6 MPH)
|
Top of the 9th over - 0 runs, 0 hits, 0 errors, 1 left on base; Cedar Rapids 0 - West Michigan 9 |
|